 Dungeon Crawl Stone Soup version 0.27.1-1-g398f81649c (webtiles) character file.

Game seed: 14773012133942382714

445 jlumianski the Chopper (level 6, -2/56 HPs)
             Began as a Deep Dwarf Fighter on Sept 14, 2021.
             Slain by an ice beast (13 damage)
             ... on level 4 of the Dungeon.
             The game lasted 00:12:46 (3166 turns).

jlumianski the Chopper (Deep Dwarf Fighter)         Turns: 3166, Time: 00:12:47

Health: -2/56      AC:  8    Str: 20    XL:     6   Next: 72%
Magic:  5/5        EV:  8    Int: 10    God:
Gold:   136        SH: 10    Dex: 12    Spells: 5/5 levels left

rFire    . . .     SeeInvis .   i - +2 war axe (vorpal)
rCold    . . .     Faith    .   c - +0 kite shield
rNeg     . . .     Spirit   .   b - +0 scale mail
rPois    .         Reflect  .   v - +0 helmet
rElec    .         Harm     .   (no cloak)
rCorr    .         Rampage  .   (no gloves)
Will     .....                  (no boots)
Stlth    ..........             (no amulet)
HPRegen  0.00/turn              (no ring)
MPRegen  0.09/turn              (no ring)

@: no status effects
A: damage resistance, heal wounds, sense surroundings 1, no regeneration
a: Heal Wounds


You were on level 4 of the Dungeon.
You visited 1 branch of the dungeon, and saw 5 of its levels.

You collected 136 gold pieces.

Inventory:

Hand Weapons
 a - a +0 war axe
 i - a +2 vorpal war axe (weapon)
 n - a +2 battleaxe of freezing
 o - a +4 dire flail of freezing
 p - a +1 whip of pain
 r - a +0 hunting sling
 t - a +2 dagger of venom
 u - a +1 dagger of freezing
Missiles
 g - 19 bolts
 k - 10 poisoned darts
 m - 195 stones
 s - 9 boomerangs (quivered)
Armour
 b - a +0 scale mail (worn)
 c - a +0 kite shield (worn)
 v - a +0 helmet (worn)
Scrolls
 e - a scroll of fog
 h - a scroll of immolation
 w - a scroll of fear
Potions
 d - a potion of might
 f - 2 potions of curing
 j - a potion of haste
 q - a potion of ambrosia


   Skills:
 + Level 3.6 Fighting
 + Level 5.1 Axes
 + Level 0.9 Throwing
 + Level 4.6 Armour
 + Level 1.4 Dodging
 + Level 4.7 Shields


You had 5 spell levels left.
You didn't know any spells.
Your spell library was empty.

Dungeon Overview and Level Annotations

Branches:
Dungeon (5/15)
 Temple: D:4-7

Altars:
Dithmenos
Nemelex Xobeh
Xom
The Shining One


Innate Abilities, Weirdness & Mutations

You are resistant to damage.
You can heal yourself by infusing magical energy.
You passively map a small area around you.
You do not regenerate.


Message History

As you read the scroll labelled SIYCATEOSIN, it crumbles to dust.
It is a scroll of identify.
j - a potion of haste
Found 17 stones.
An ice beast comes into view.
Found a long sword.
Throw: 9 boomerangs
Press: ? - help, Q - select action, (/) - cycle Shift-Dir - straight line, f - ice beast
Aim: an ice beast (57% to hit)
You throw a boomerang.
The boomerang closely misses the ice beast.
Throw: 9 boomerangs
Press: ? - help, Q - select action, (/) - cycle Shift-Dir - straight line, f/p - ice beast
Aim: an ice beast (57% to hit)
You throw a boomerang. The boomerang hits the ice beast.
The ice beast is lightly wounded.
Throw: 9 boomerangs
Press: ? - help, Q - select action, (/) - cycle Shift-Dir - straight line, f/p - ice beast
Aim: an ice beast (lightly wounded, 57% to hit)
You throw a boomerang.
The boomerang hits the ice beast but does no damage.
The ice beast is lightly wounded.
You closely miss the ice beast.
The ice beast is lightly wounded.
The ice beast barely misses you.
You completely miss the ice beast.
The ice beast is lightly wounded.
The ice beast hits you but does no damage.
You hit the ice beast.
The ice beast is moderately wounded.
You block the ice beast's attack. The ice beast barely misses you.
You barely miss the ice beast.
The ice beast is moderately wounded.
The ice beast hits you but does no damage.
You slash the ice beast!
The ice beast is severely wounded.
The ice beast barely misses you. The ice beast hits you.
* * * LOW HITPOINT WARNING * * *
The ice beast freezes you!
You die...

* * , * #.###...).. * , ,
* #.........# *
#.........# * * ,
#.........# , #.........,
#.....(.#* + * #....Y..#
, * * #....@..# ##.>...##
####.##.## ##.......# ,*
#######.#...####.........
...............+.........
#######.#...####.........
* #.##.## #.......# * ,
#.# ## #.....# * #.####
#...# * #....# ##'##


You could see an ice beast.

Vanquished Creatures
  An ogre (D:3)
  4 wights (D:4)
  A hound (D:4)
  2 orc wizards (D:3)
  Robin (D:3)
  2 adders
  An adder skeleton (D:4)
  A worm (D:3)
  10 orcs (D:3)
  2 endoplasms (D:3)
  2 giant cockroaches
  11 goblins
  9 hobgoblins
  3 jackals (D:3)
  2 quokkas
  8 ball pythons
  7 bats
  4 kobolds
  7 rats
78 creatures vanquished.

Notes
Turn   | Place    | Note
-------+----------+-------------------------------------------
     0 | D:1      | jlumianski the Deep Dwarf Fighter began the quest for the
                  | Orb.
     0 | D:1      | Reached XP level 1. HP: 20/20 MP: 1/1
   118 | D:1      | Found a faded altar of an unknown god.
   340 | D:1      | Reached XP level 2. HP: 27/27 MP: 2/2
  1011 | D:2      | Found a shadowy altar of Dithmenos.
  1181 | D:3      | Found a shadowy altar of Dithmenos.
  1573 | D:2      | Reached XP level 3. HP: 20/33 MP: 3/3
  1704 | D:3      | Reached skill level 3 in Axes
  1706 | D:3      | Reached XP level 4. HP: 22/40 MP: 4/4
  2026 | D:3      | Noticed an ogre
  2039 | D:3      | Killed an ogre
  2040 | D:3      | Reached skill level 4 in Axes
  2040 | D:3      | Reached XP level 5. HP: 25/49 MP: 4/4
  2093 | D:3      | Found a large runed translucent door.
  2094 | D:3      | Found a large runed translucent door.
  2135 | D:3      | Found a sparkling altar of Nemelex Xobeh.
  2142 | D:3      | Found a shimmering altar of Xom.
  2405 | D:3      | Noticed Robin
  2459 | D:3      | Killed Robin
  2927 | D:4      | Reached skill level 1 in Dodging
  2927 | D:4      | Reached XP level 6. HP: 54/56 MP: 5/5
  2999 | D:4      | Found a glowing golden altar of the Shining One.
  3089 | D:4      | Reached skill level 5 in Axes
  3125 | D:5      | Entered Level 5 of the Dungeon
  3158 | D:4      | Noticed an ice beast
  3166 | D:4      | Slain by an ice beast

Illustrated notes

Levels and vault maps discovered:
D:1:      elethiomel_arrival_maze, layout_basic,
          hellmonk_ecumenical_altar_blasted, minivault_11
D:2:      layout_loops_corners, basic_altar
D:3:      layout_basic, grunt_dithmenos_smoke_and_mirrors,
          jmf_multi_god_temple2, uniq_robin
D:4:      layout_loops_corners, lemuel_coloured_pillars_altar, enter_ossuary_3,
          minmay_joined_circles
D:5:      cheibrodos_barr_body, layout_loops_ring, nzn_wu_jian_contemplation,
          nicolae_ru_the_path_less_chosen, grunt_ministairs_14,
          lightli_church_of_beogh

Skill      XL: |  1  2  3  4  5  6 |
---------------+-------------------+-----
Shields        | 4 |  4.7
Axes           | 3 4 5 |  5.1
Fighting       | 3 |  3.6
Armour         | 4 |  4.6
Dodging        | 1 |  1.4
Throwing       | |  0.9

Action                   |  1- 3 |  4- 6 || total
-------------------------+-------+-------++-------
Melee: War axe           |   101 |   167 ||   268
Throw: Dart              |       |    22 ||    22
       Boomerang         |       |     3 ||     3
 Abil: Heal Wounds       |     1 |     2 ||     3
  Use: Scroll            |     1 |     7 ||     8
       Potion            |       |     2 ||     2
Armor: Scale mail        |    66 |    80 ||   146
Dodge: Dodged            |    41 |    50 ||    91
Block: Kite shield       |    72 |    80 ||   152
